 Dungeon Crawl Stone Soup version 0.21-a0-140-g479285b (webtiles) character file.

23 Duffy the Changer (level 2, 0/14 HPs)
             Began as a Spriggan Transmuter on July 19, 2017.
             Slain by a gnoll
             ... wielding a cursed +0 spear
              (7 damage)
             ... on level 1 of the Dungeon.
             The game lasted 00:01:35 (1196 turns).

Duffy the Changer (Spriggan Transmuter)             Turns: 1196, Time: 00:01:36

Health: 0/14       AC:  2    Str:  6    XL:     2   Next: 72%
Magic:  0/7        EV: 18    Int: 14    God:
Gold:   0          SH:  0    Dex: 16    Spells: 4/7 levels left

rFire    . . .     SeeInvis +     - Unarmed
rCold    . . .     Gourm    .   (shield restricted)
rNeg     . . .     Faith    .   b - +0 robe
rPois    .         Spirit   .   (helmet restricted)
rElec    .         Reflect  .   (no cloak)
rCorr    .         Harm     .   (gloves unavailable)
MR       .....                  (boots unavailable)
Stlth    +.........             (no amulet)
HPRegen  0.04/turn              (no ring)
MPRegen  0.10/turn              (no ring)

@: appendage, very quick
A: unfitting armour, talons 3, see invisible, herbivore 3, speed 3, slow
metabolism 2
a: End Transformation


You were on level 1 of the Dungeon.
You were not hungry.
You had grown temporary talons.
You visited 1 branch of the dungeon, and saw 2 of its levels.

Inventory:

Missiles
 a - 30 arrows
Armour
 b - a +0 robe (worn)
Scrolls
 e - a scroll of teleportation {unknown}
Books
 c - a book of Changes

   Spells                             Type                      Level
   a - Beastly Appendage              Transmutation                1
   b - Sticks to Snakes               Transmutation                2
   c - Spider Form                    Transmutation/Poison         3
   d - Ice Form                       Ice/Transmutation            4
   e - Blade Hands                    Transmutation                5
Comestibles
 d - a bread ration


   Skills:
 - Level 0.7 Fighting
 - Level 3.0 Dodging
 + Level 2.7 Unarmed Combat
 + Level 3.1 Spellcasting
 + Level 3.6 Transmutations


You had 4 spell levels left.
You knew the following spells:

 Your Spells              Type           Power        Failure   Level  Hunger
a - Beastly Appendage     Tmut           ##....       4%          1    #......
b - Sticks to Snakes      Tmut           ##......     8%          2    ##.....


Dungeon Overview and Level Annotations

Branches:
Dungeon (2/15)

Altars:


Innate Abilities, Weirdness & Mutations

You are very small and have problems with some larger weapons.
You are too small for most types of armour.
You have supernaturally acute eyesight. (SInv)
You are a herbivore.
You cover ground extremely quickly.
You need consume almost no food.
You have claws for feet.


Message History

Your transformation is almost over.
You see here a meat ration.
Your talons disappear.
Found a stone staircase leading down.
A gnoll is nearby!
Cast which spell? (? or * to list)
Your feet morph into talons.
The gnoll shouts!
Cast which spell? (? or * to list)
You create a snake!
You now have 32 arrows.
The gnoll barely misses you.
Cast which spell? (? or * to list)
You create a snake!
You now have 31 arrows.
The gnoll hits you from afar with a spear!
Ouch! That really hurt!
Cast which spell? (? or * to list)
You create a snake!
You now have 30 arrows.
Your ball python bites the gnoll.
Your ball python grabs the gnoll.
Your ball python constricts the gnoll.
The gnoll hits you from afar with a spear!
Ouch! That really hurt!
You die...

.# # #.# .##### ##.##. ..#
...... ...... .>. ..# #.##
#.##.##.# #.#
#.####.###.......# #.##
.................# #.. ####
)###~.. #....Sg######.#....#
#...# ..#.......#....#....
#.}.# .} #..S.@S........# #...#
~#...#..............# #
.###~~~~###............#..# #.#
...~~~~~~..............#.....
...~~~~~~...........#..###.#..#
.###~~~~###.........#..)...# ..
#...#~~#...#.....#..###.#..# .
#.}.#~~#.}.#.....#......# ....
#...#~~#.. #.....###.#..# .#..


You could see a gnoll, a friendly adder and 2 friendly ball pythons.

Vanquished Creatures
  A leopard gecko (D:1)
  A giant cockroach (D:1)
  A goblin (D:2)
  6 hobgoblins
  2 jackals (D:1)
  A kobold (D:2)
  3 bats
  2 frilled lizards
  2 rats
19 creatures vanquished.

Notes
Turn   | Place    | Note
-------+----------+-------------------------------------------
     0 | D:1      | Duffy the Spriggan Transmuter began the quest for the Orb.
     0 | D:1      | Reached XP level 1. HP: 9/9 MP: 5/5
   657 | D:2      | Reached XP level 2. HP: 14/14 MP: 4/6
   982 | D:2      | Learned a level 2 spell: Sticks to Snakes
  1196 | D:1      | Slain by a gnoll

Vault maps used:
D:1:      saegor_arrival_simple_f, hangedman_decor_points, st_stairs_11,
          fountainhead, grunt_decor_fettered
D:2:      nicolae_overflow_crystal_walls

Skill      XL: |  1  2 |
---------------+-------+-----
Transmutations | 3 |  3.6
Spellcasting   | 3 |  3.1
Fighting       | |  0.7
Dodging        | |  3.0
Unarmed Combat | |  2.7

Action                   || total
-------------------------++-------
Melee: Unarmed           ||    92
       Kick              ||    18
 Cast: Beastly Appendage ||    12
       Sticks to Snakes  ||     3
 Stab: Sleeping          ||     3
Armor: Robe              ||    19
Dodge: Dodged            ||   122
